Cogmind - Beta 13 @@@ ROGUE MODE // 2024.06.03 @ 21:17:46 Player: UberDoot Result: Destroyed by 8R-AWN with 8R-AWN's Boregun Performance ------------- Evolutions (0) 0 Regions Visited (3) 600 Robots Destroyed (15) 75 Value Destroyed (294) 294 Prototype IDs (1) 20 Alien Tech Used (0) 0 Bonus (6) 6 TOTAL SCORE: 995 Bonus ------- Follower Combat Kills 21 Friendly Fire -15 Cogmind --------- Core Integrity 0/250 Matter 287/300 Energy 100/100 System Corruption 4% Temperature Warm (125) Movement Treading (160) Location -10/Exiles Parts ------- > --- POWER (1) -------- (None) > --- PROPULSION (2) --- Light Treads > --- UTILITY (2) ------ (None) > --- WEAPON (2) ------- Small Laser Light Assault Rifle > --- INVENTORY (5) ---- Heat Sink Light Cannon Rocket Launcher Makeshift Spear Peak State ------------ > --- POWER ------------ Ion Engine > --- PROPULSION ------- Light Treads Light Treads > --- UTILITY ---------- High-capacity Storage Unit Experimental Sensor Array > --- WEAPON ----------- Assault Rifle Assault Rifle > --- INVENTORY -------- Aluminum Leg Heat Sink Large Matter Pod Sensor Array Light Armor Plating Light Armor Plating Tractor Beam Small Laser Light Cannon [Rating: 15] Favorites ----------- Power Ion Engine Engine Ion Engine Propulsion Light Treads Treads Light Treads Leg Aluminum Leg Wheel Wheel Utility High-capacity Storage Unit Device Sensor Array Storage High-capacity Storage Unit Processor Advanced Targeting Computer Protection Light Armor Plating Weapon Assault Rifle Energy Gun Small Laser Ballistic Gun Assault Rifle Launcher Rocket Launcher Piercing Weapon Makeshift Spear Build | -11 -10 -10 -10 ------- Run | Yrd Mat Min Exi Slots Evolved . | . . . . Power . | . . . . Propulsion . | . . . . Utility . | . . . . Weapon . | . . . . Parts Attached 48 | 7 15 16 10 Power 2 | 1 1 . . Engine 2 | 1 1 . . Core . | . . . . Reactor . | . . . . Propulsion 18 | 2 8 8 . Treads 6 | . 2 4 . Leg 10 | 2 6 2 . Wheel 2 | . . 2 . Hover . | . . . . Flight . | . . . . Utility 14 | 2 4 5 3 Device 5 | 1 . 4 . Storage 5 | 1 3 1 . Processor 1 | . . . 1 Hackware . | . . . . Protection 3 | . 1 . 2 Artifact . | . . . . Weapon 14 | 2 2 3 7 Energy Gun 4 | . 1 1 2 Energy Cannon . | . . . . Ballistic Gun 7 | 2 1 1 3 Ballistic Cannon . | . . . . Launcher 2 | . . 1 1 Special Weapon . | . . . . Impact Weapon . | . . . . Slashing Weapon . | . . . . Piercing Weapon 1 | . . . 1 Special Melee Weapon . | . . . . Unidentified Prototypes 1 | . . 1 . Corrupted Parts 1 | . . 1 . System Corruption 4 | . . 4 . Parts Lost 8 | . 1 . 7 Power 1 | . . . 1 Propulsion 1 | . . . 1 Utility 4 | . 1 . 3 Weapon 2 | . . . 2 Highest Loss Streak 6 | . 1 . 6 To Critical Strikes 3 | . . . 3 Average Slot Usage (%) 96 | . 100 100 86 Engine 14 | . 14 14 14 Treads 18 | . 1 18 27 Leg 8 | . 26 7 . Device 12 | . 13 13 6 Storage 12 | . 14 14 6 Processor 1 | . . . 7 Protection 1 | . . . 7 Ballistic Gun 22 | . 28 27 2 Piercing Weapon 2 | . . . 10 Naked Turns . | . . . . Heaviest Build 52 | 14 49 52 51 Greatest Support 40 | 20 40 40 40 Greatest Overweight (x) 4 | . 1 4 1 Average Overweight (x) . | . . 1 . Largest Inventory Capacity 20 | 8 20 20 20 Average Capacity 16 | 7 10 19 11 Most Carried 20 | 5 11 20 20 Average Carried 13 | 3 9 16 11 Final Capacity 20 | 8 10 20 5 Final Carried 20 | 5 9 20 4 Class Distribution -------------------- 100% | Mutant Dominant Class ---------------- Mutant | -10/Materials Mutant | -10/Mines Mutant | -10/Exiles Resources | -11 -10 -10 -10 ----------- Run | Yrd Mat Min Exi Matter Collected 1117 | 250 444 212 211 Remotely . | . . . . Salvage Created 438 | 15 303 69 51 Parts 40 | 5 23 12 . Haulers Intercepted . | . . . . Recyclers Shooed 1 | . 1 . . Parts Field Recycled . | . . . . Retrieved Matter . | . . . . Parts Self-Destructed . | . . . . Prevented . | . . . . Kills | -11 -10 -10 -10 ------- Run | Yrd Mat Min Exi Combat Hostiles Destroyed 19 | . 9 3 7 Guns 10 | . 9 . 1 AOE 9 | . . 3 6 Classes Destroyed 5 | 1 2 1 1 Builder 2 | . . 2 . Tunneler 1 | 1 . . . Swarmer 6 | . 3 3 . Grunt 6 | . 6 . . Assembled 7 | . . . 7 Best Kill Streak 7 | 1 4 3 7 Combat Bots Only 7 | . 4 3 7 Max Kills in Single Turn 3 | 1 1 3 3 Gunslinging . | . . . . Exploded 3 | . . 3 3 Melee . | . . . . Uniques/NPCs Destroyed . | . . . . Combat | -11 -10 -10 -10 -------- Run | Yrd Mat Min Exi Hostile Shots Fired 125 | . 55 19 51 Missed 35 | . 17 4 14 Damage Taken 1352 | . 377 138 837 Core 256 | . 61 23 172 Absorbed by Shields . | . . . . Core Remaining (%) 100 | 100 . . . Volleys Fired 72 | 3 36 9 24 Largest 2 | 2 2 2 2 Hottest 63 | 40 40 40 63 Shots Fired 134 | 6 72 16 40 Gun 128 | 6 72 14 36 Cannon . | . . . . Launcher 6 | . . 2 4 Special . | . . . . Kinetic 109 | 6 72 14 17 Thermal 19 | . . . 19 Explosive 6 | . . 2 4 Electromagnetic . | . . . . Robot Hit Streak 7 | 2 6 3 7 Robot Miss Streak 6 | 3 3 6 1 Penetration Max . | . . . . Secondary Targets 1 | . 1 . . Max Gunslinging Chain 1 | . 1 . . Shots Hit Robots 82 | 3 44 5 30 Core Hits 39 | 1 17 6 15 Critical Kills . | . . . . Critical Parts Destroyed . | . . . . Critical Strikes . | . . . . Melee Attacks . | . . . . Impact . | . . . . Slashing . | . . . . Piercing . | . . . . Sneak Attacks . | . . . . Combat Hostiles . | . . . . Follow-up Attacks . | . . . . Damage Inflicted 1260 | 41 533 198 488 Guns 807 | 41 533 67 166 Cannons . | . . . . Explosions 453 | . . 131 322 Melee . | . . . . Ramming . | . . . . Kinetic 784 | 41 533 67 143 Thermal 23 | . . . 23 Explosive 453 | . . 131 322 Electromagnetic . | . . . . Impact . | . . . . Slashing . | . . . . Piercing . | . . . . Highest Corruption 4 | . . 4 4 Average Corruption 4 | . . 4 4 Corruption Purged . | . . . . Corruption Blocked . | . . . . Effects 18 | . . . 18 Message Errors 3 | . . . 3 Matter Fused 5 | . . . 5 Heat Flow Errors 2 | . . . 2 Energy Discharges 2 | . . . 2 Data Loss (minor) 2 | . . . 2 Data Loss (major) 2 | . . . 2 Alerts 1 | . . . 1 Weapon Failures 1 | . . . 1 Overload Shots . | . . . . Overflow Damage . | . . . . Projectiles . | . . . . Explosions . | . . . . Melee . | . . . . Knockbacks . | . . . . Impact . | . . . . Kinetic . | . . . . Secondary . | . . . . Self-Inflicted Damage 56 | . . . 56 Shots 2 | . . . 2 Rammed . | . . . . Targets Rammed . | . . . . Kicked . | . . . . Crushed . | . . . . Highest Temperature 222 | . 6 . 222 Average Temperature 51 | . 4 . 57 Received Heat Transfer 158 | . 138 . 20 Siege Activations . | . . . . Robots Corrupted . | . . . . Combat Hostiles . | . . . . Parts Fried . | . . . . Impact Corruptions . | . . . . Robots Melted . | . . . . Combat Hostiles . | . . . . Parts Melted . | . . . . Heat Transferred 97 | . . . 97 Parts Sabotaged . | . . . . Parts Stolen . | . . . . Parts Stripped . | . . . . Power Chain Reactions . | . . . . Alert | -11 -10 -10 -10 ------- Run | Yrd Mat Min Exi Peak Influence 150 | 5 150 100 . Initial 54 | . 3 54 . Average 29 | 1 55 24 . Maximum Alert Level . | . . . . Low Security (%) 100 | 100 100 100 . Level 1 . | . . . . Level 2 . | . . . . Level 3 . | . . . . Level 4 . | . . . . Level 5 . | . . . . High Security . | . . . . Max Security . | . . . . Squads Dispatched 2 | . 2 . . Investigation . | . . . . Extermination . | . . . . Reinforcement 2 | . 2 . . Assault . | . . . . Garrison . | . . . . Intercept . | . . . . Searches Triggered . | . . . . Construction Impeded . | . . . . Haulers Reinforced . | . . . . Active Scanning Responses . | . . . . Cargo Convoy Interrupts . | . . . . Stealth | -11 -10 -10 -10 --------- Run | Yrd Mat Min Exi Distress Signals 1 | . 1 . . Communications Jammed . | . . . . Distress Signals . | . . . . Times Spotted 32 | . 17 6 9 Peak Tracking Total 10 | . 6 3 10 Tactical Retreats 2 | . 1 . 1 Traps | -11 -10 -10 -10 ------- Run | Yrd Mat Min Exi Traps Triggered . | . . . . Indirectly . | . . . . Trap Hack Attempts . | . . . . Triggered . | . . . . Disarmed . | . . . . Reprogrammed . | . . . . Reused . | . . . . Traps Extracted . | . . . . Installed . | . . . . Triggered . | . . . . Machines | -11 -10 -10 -10 ---------- Run | Yrd Mat Min Exi Machines Disabled 6 | . . . 6 Max in Single Turn 2 | . . . 2 Machines Repaired . | . . . . Machines Dismantled . | . . . . Machines Sabotaged . | . . . . Overloaded Fab Kills . | . . . . Hacking | -11 -10 -10 -10 --------- Run | Yrd Mat Min Exi Machines Accessed 3 | . 1 1 1 Terminals 1 | . 1 . . Fabricators . | . . . . Repair Stations . | . . . . Recycling Units . | . . . . Scanalyzers . | . . . . Garrison Access . | . . . . Total Hacks 7 | . 4 1 2 Successful 7 | . 4 1 2 Failed . | . . . . Catastrophic . | . . . . Database Lockouts . | . . . . Manual 2 | . 2 . . Terminals 4 | . 4 . . Fabricators . | . . . . Repair Stations . | . . . . Recycling Units . | . . . . Scanalyzers . | . . . . Garrison Access . | . . . . Terminal Hacks 6 | . 3 1 2 Record 2 | . . . 2 Robot Analysis 1 | . 1 . . Open Door 1 | . . 1 . Branch Access Points 1 | . 1 . . Locate Traps 1 | . 1 . . Fabricator Hacks . | . . . . Repair Station Hacks . | . . . . Recycling Unit Hacks . | . . . . Scanalyzer . | . . . . Garrison Access Hacks . | . . . . Unauthorized Hacks 1 | . 1 . . Terminals 1 | . 1 . . Botnet 1 | . 1 . . Fabricators . | . . . . Repair Stations . | . . . . Recycling Units . | . . . . Scanalyzers . | . . . . Garrison Access . | . . . . Data Cores Recovered . | . . . . Used . | . . . . Hacking Detections 1 | . 1 . . Full Trace Events . | . . . . Feedback Events . | . . . . Feedback Blocked . | . . . . Robot Schematics Acquired . | . . . . Robots Built . | . . . . Authchips . | . . . . Time . | . . . . Total Robot Build Rating . | . . . . Part Schematics Acquired . | . . . . Parts Built . | . . . . Authchips . | . . . . Time . | . . . . Total Part Build Rating . | . . . . Parts Repaired . | . . . . Time . | . . . . Parts Recycled . | . . . . Recycled Matter . | . . . . Retrieved Matter . | . . . . Retrieved Components . | . . . . Parts Scanalyzed . | . . . . Part Schematics Acquired . | . . . . Parts Damaged . | . . . . Bothacking | -11 -10 -10 -10 ------------ Run | Yrd Mat Min Exi Used RIF Installer . | . . . . Robots Hacked . | . . . . Non-combat . | . . . . Combat . | . . . . Robot Hacks Applied . | . . . . Relay Couplers Released . | . . . . Fabnet Peak Effective % . | . . . . Robots Rewired . | . . . . Allies Hacked . | . . . . Hacks Repelled . | . . . . Allies | -11 -10 -10 -10 -------- Run | Yrd Mat Min Exi Total Allies 1 | . . 1 . Largest Group 1 | . . 1 . Highest-Rated Group 31 | . . 31 . Highest-Rated Ally 31 | . . 31 . Total Orders . | . . . . Ally Attacks 14 | . . 14 . Total Damage 106 | . . 106 . Kills 3 | . . 3 . Allies Corrupted . | . . . . Allies Melted . | . . . . Intel | -11 -10 -10 -10 ------- Run | Yrd Mat Min Exi Robot Analysis Total 1 | . 1 . . Derelict Logs Recovered 1 | . . 1 . Drone Launches . | . . . . Drone Recoveries . | . . . . Exploration | -11 -10 -10 -10 ------------- Run | Yrd Mat Min Exi Turns Passed 4262 | 94 605 2597 966 Spaces Moved 1785 | 64 357 920 444 Core 10 | 10 . . . Treads 990 | . 6 540 444 Legs 674 | 54 351 269 . Wheels 111 | . . 111 . Hover . | . . . . Flight . | . . . . Fastest Speed 50 | 50 120 110 160 Average Speed 196 | 109 122 232 192 Slowest Speed 320 | 120 240 320 240 Overloaded Moves . | . . . . Propulsion Burnouts . | . . . . Robots Hopped . | . . . . Cave-ins Triggered . | . . . . Exploration Rate (%) 55 | 4 67 100 51 Regions Visited 3 Branch Regions 2 Pre-discovered Areas 1 | . . . 1 Known Exits Taken 1 | . 1 . . Unknown Exits Taken 2 | 1 . 1 . Scrap Searched 2 | . . 2 . Spaces Dug . | . . . . Terrain Destroyed 45 | . . 21 24 Melee . | . . . . Projectile . | . . . . AOE 45 | . . 21 24 Terrain Rammed . | . . . . Walls Destroyed . | . . . . Machines Disabled . | . . . . Actions | -11 -10 -10 -10 --------- Run | Yrd Mat Min Exi Total 2425 | 80 459 1364 522 Wait 435 | 1 24 389 21 Move 1782 | 63 356 919 444 Hop . | . . . . Pick Up 43 | 6 14 14 9 Fast Attach 15 | 6 . 4 5 Attach 11 | 1 3 5 2 Detach 10 | . . 8 2 Swap 22 | . 12 7 3 Drop 33 | . 14 7 12 Fire 72 | 3 36 9 24 Melee . | . . . . Ram . | . . . . Kick . | . . . . Crush . | . . . . Escape Stasis . | . . . . Rewire 2 | . . 2 . Trap . | . . . . Miscellaneous . | . . . . Route ------- -11/Scrapyard -10/Materials (discovered 3 exits: [*Mat] / *Min x2) -10/Mines (discovered 4 exits: [*Mat x2] / *Exi / [*Sub]) -10/Exiles (discovered 2 exits: [*Min x2]) History --------- Turn | Location | Event 6 | -11/Scrapyard | Discovered new exit (range 14) 95 | -11/Scrapyard | Entered Materials 131 | -10/Materials | Identified exit to Mines 225 | -10/Materials | Discovered new exit (range 10) 309 | -10/Materials | Build established: Mutant 700 | -10/Materials | Entered Mines 792 | -10/Mines | Found a damaged Exp. Sensor Array with a note attached 796 | -10/Mines | Found Prototype Device 797 | -10/Mines | Identified Exp. Sensor Array 1403 | -10/Mines | Discovered new exit (range 4) 1459 | -10/Mines | Received a Rocket Launcher from a helpful Derelict 1692 | -10/Mines | Discovered new exit (range 14) 1693 | -10/Mines | A weapon hastily lodged in a ceiling crevice suddenly fell to the ground 1770 | -10/Mines | Met a Derelict who couldn't figure out how to use a Trap Extractor 2351 | -10/Mines | Discovered new exit (range 4) 2477 | -10/Mines | Received a Mining Laser from a helpful Derelict 2724 | -10/Mines | Deemed a non-threat by the Exiles lab entrance 2726 | -10/Mines | Discovered new exit (range 5) 3297 | -10/Mines | Entered Exiles 3352 | -10/Exiles | Discovered new exit (range 15) 3412 | -10/Exiles | Met 8R-AWN 3450 | -10/Exiles | Met EX-HEX 3558 | -10/Exiles | Met EX-DEC 3575 | -10/Exiles | Learned location of Zion (-7) 3676 | -10/Exiles | Discovered new exit (range 10) 4129 | -10/Exiles | Attacked by the Exiles 4170 | -10/Exiles | Core integrity fell below 50% 4194 | -10/Exiles | Destroyed 7 combat bots 4239 | -10/Exiles | Core integrity fell below 20% 4263 | -10/Exiles | Destroyed by 8R-AWN with 8R-AWN's Boregun Last Messages --------------- 04254_ HV Slug penetrates Earth. 04254_ HV Slug penetrates Wall. 04257_ Penetrated by HV Slug. 04257_ HV Slug penetrates Earth. 04257_ Penetrated by HV Slug. 04257_ Critical hit (Destroy). 04257_ HV Slug penetrates Earth. 04259_ Penetrated by HV Slug. 04259_ HV Slug penetrates Earth. 04259_ Penetrated by HV Slug. 04259_ Critical hit (Destroy). 04259_ Lgt. Armor Plating destroyed. 04259_ HV Slug penetrates Earth. 04261_ Penetrated by HV Slug. 04261_ HV Slug penetrates Earth. 04263_ Penetrated by HV Slug. 04263_ Critical hit (Destroy). 04263_ Ion Engine destroyed. 04263_ HV Slug penetrates Earth. 04263_ Penetrated by HV Slug. Map ----- +----------------------------------------------------+ | ?????????????????????????????????????????????????? | | ???????????#####?????????????????????????????????? | | ??????????## ##????????????????????????????????? | | ??????????# #????????????????????????????????? | | ??????????# < #????????????????????????????????? | | ??????????# ###??????????????????????????????? | | ??????????# #??????????????????????????????? | | ??????????# #???????????????????????????????? | | ???????????# #???????????????????????????????? | | ???????????# ##??????????????######??????????? | | ???????????## #????????????# #??????????? | | ????????????# #######??????#!!! #??????????? | | ????????????# #""##?????# #??????????? | | ????????????## #?????# ##??????????? | | ?????????????##" ##???# ##??????????? | | ?????????????#"" ##### #???????????? | | ?????????????#### "#???????????? | | ????????????????## ###???????????" | | ?????????????????#"## #???????????#" | | ?????????????????####### ###??????????#" | | ???????????????????????## ;##?????????? | | ?????????????????####### ! % ""##?????????? | | ?????????????????# !!""" != g ;#?????????? | | ?????????????????#! *!! # ######???## | | ?????????????????#! [ "#####X | | ?????????????????# ! ! @ ;;###" | | ?????????????????# ;####?#"# | | ???????????????# ;#;;;;;#;##????#### | | ?????????????????# # ##????????### * | | ?????????????????## # ? ????????????### | | ?????????????????# #?#??#??????????????## | | ?????????????????#??????????????????????## | | ?????????????????????????????????????????##" | | ??????????????????????????????????????????#""" | | ??????????????????????????????????????????#" | | ??????????????????????????????????????????"" | | ??????????????????????????????????????????""" | | ??????????????????????????????????????????"" | | ??????????????????????????????????????????"" | | ??????????????????????????????????????????" | | ??????????????????????????????????????????"" | | ??????????????????????????????????????????" | | ???????????????????????????????????????????" | | ????????????????????????????????????????????"" | | ?????????????????????????????????????????????? | | ?????????????????????????????????????????????????? | | ?????????????????????????????????????????????????? | | ?????????????????????????????????????????????????? | | ?????????????????????????????????????????????????? | | ?????????????????????????????????????????????????? | +----------------------------------------------------+ Best States ------------- Heat Dissipation 35 Energy Generation 10 Energy Capacity 250 Matter Stores 300 Matter Capacity 300 Sight Range 16 Robot Scan Range 14 Terrain Scan Density 10 Armor Coverage 150 Evasion (%) 55 Targeting Accuracy 8 Recoil Reduction 2 Item Schematics ----------------- None Robot Schematics ------------------ None Fabricated ------------ Nothing Alien Tech Used ----------------- None Achievements -------------- None Challenges ------------ None Game ------ Seed HardlightParticleCompressor Manual? 0 Play Time 00:22:21 Cumulative 51.0 hours Start 2024.06.03 @ 20:57:46 End 2024.06.03 @ 21:17:46 Sessions 1 Manual Loads 0 Difficulty Rogue Special Mode None Game No. 34 Rogue 34 Adventurer 0 Explorer 0 Win Type - Total 0 Types 0/0/0/0/0/0/0/0/0 Lore% 31 Gallery% 45 Achievement% 35 Wizard Run 0 Options --------- Layout 2 ASCII 0 Keyboard 1 Movement Numpad Keybinds 0 Fullscreen 2 Font 24/Smallcaps Map View 50x49 Zoom Use 0% Tactical HUD 1 Map Filters NONE Filters NONE Steam 1 RUN: 4b2ee838-fabd-4c20-99b8-e2d144ca0a7e